 Dungeon Crawl Stone Soup version 0.26-a0-812-g31a745ddcd (webtiles) character file.

Game seed: 15497786114810142846

19681 kae the Transmogrifier (level 12, -1/78 HPs)
             Began as a Tengu Transmuter on Nov 17, 2020.
             Was an Elder of Ru.
             Slain by a yak (16 damage)
             ... in an ice cave.
             The game lasted 00:17:57 (20541 turns).

kae the Transmogrifier (Tengu Transmuter)          Turns: 20541, Time: 00:17:57

Health: -1/78      AC:  3    Str: 15    XL:     12   Next: 71%
Magic:  25/25      EV: 15    Int: 18    God:    Ru [****..]
Gold:   1228       SH:  0    Dex: 15    Spells: 2/15 levels left

rFire    . . .     SeeInvis .     - Unarmed
rCold    . . .     Faith    .   (shield currently unavailable)
rNeg     . . .     Spirit   .   a - +1 robe
rPois    .         Reflect  .   (helmet restricted)
rElec    .         Harm     .   (no cloak)
rCorr    .         Rampage  .   (gloves currently unavailable)
MR       .....                  (boots unavailable)
Stlth    ..........             s - amulet of regeneration
HPRegen  0.63/turn              j - ring of magical power
MPRegen  0.19/turn              u - +6 ring of intelligence

@: blade hands (expiring), flying quickly and evasively, quick
A: beak, talons 3, dopey 1, no stealth, inability to use devices, disrupted
magic 1, able to fly
a: Stop Flying, End Transformation, Draw Out Power, Power Leap, Renounce
Religion


You were in an ice cave.
You worshipped Ru.
Ru was greatly pleased with you.
You had blades for hands.
You visited 3 branches of the dungeon, and saw 14 of its levels.
You also visited: Sewer and Ice Cave.

You collected 1228 gold pieces.

Inventory:

Armour
 a - a +1 robe (worn)
Jewellery
 b - an uncursed amulet of reflection
 j - a ring of magical power (left scythe-like blade)
 s - an amulet of regeneration (around neck)
 u - a +6 ring of intelligence (right scythe-like blade)
 w - an uncursed ring of fire
Scrolls
 c - 3 scrolls of amnesia
 e - 7 scrolls of teleportation
 g - 4 scrolls of identify
 l - 2 scrolls of enchant armour
 n - 4 scrolls of remove curse
Potions
 d - 4 potions of attraction
 f - a potion of mutation
 h - 2 potions of ambrosia
 i - 4 potions of curing
 k - a potion of magic
 m - a potion of invisibility
 o - 3 potions of berserk rage
 p - a potion of cancellation
 q - a potion of lignification
 r - a potion of haste


   Skills:
 + Level 10.4 Fighting
 - Level 2.1 Dodging
 + Level 11.7 Unarmed Combat
 - Level 2.0 Spellcasting
 * Level 12.3 Transmutations


You had 2 spell levels left.
You knew the following spells:

 Your Spells              Type           Power        Failure   Level
a - Beastly Appendage     Tmut           #####.       12%         1
b - Spider Form           Tmut/Pois      ###.......   38%         3
c - Blade Hands           Tmut           #####.....   34%         5
d - Ice Form              Ice/Tmut       ###.....     63%         4

Your spell library contained the following spells:

 Spells                   Type           Power        Failure   Level
 Wereblood                Tmut           #####...     13%         2
 Passwall                 Tmut/Erth      ###.....     30%         2
 Animate Skeleton         Necr           #.....       69%         1
 Corona                   Hex            #......      69%         1
 Magic Dart               Conj           #...         69%         1
 Pain                     Necr           #...         69%         1
 Sandblast                Erth           #.....       69%         1
 Blink                    Tloc           N/A          77%         2
 Call Imp                 Summ           #.......     77%         2
 Ensorcelled Hibernation  Hex/Ice        #.....       77%         2
 Poisonous Vapours        Pois/Air       #.....       77%         2
 Slow                     Hex            #.......     77%         2
 Petrify                  Tmut/Erth      ###.....     63%         4
 Confusing Touch          Hex            #.......     90%         3
 Conjure Flame            Conj/Fire      #.......     90%         3
 Dazzling Flash           Conj/Hex       #.....       90%         3
 Mephitic Cloud           Conj/Pois/Air  #.......     90%         3
 Stone Arrow              Conj/Erth      #.....       90%         3
 Tukima's Dance           Hex            #.......     90%         3
 Vampiric Draining        Necr           #.........   90%         3
 Animate Dead             Necr           #.........   99%         4
 Agony                    Necr           #.......     100%        5
 Lee's Rapid Deconstruct  Erth           #.........   100%        5
 Freezing Cloud           Conj/Ice/Air   #.........   100%        6


Dungeon Overview and Level Annotations

Branches:
Dungeon (11/15)            Temple (1/1) D:5            Lair (2/6) D:8
    Orc (0/2) D:10          Sewer (visited)           IceCv (1/1)
  Swamp: Lair:2-4    Shoals: Lair:2-4     Snake: Lair:2-4    Spider: Lair:2-4

Altars:
Ashenzari
Cheibriados
Dithmenos
Elyvilon
Fedhas
Gozag
Hepliaklqana
Kikubaaqudgha
Makhleb
Nemelex Xobeh
Okawaru
Qazlal
Ru
Sif Muna
Trog
Uskayaw
Vehumet
Wu Jian
Xom
Yredelemnul
Zin
The Shining One

Shops:
D:8 (

Annotations:
D:5 2 transporters
D:6 Menkaure
Lair:1 exclusion: oklob plant


Innate Abilities, Weirdness & Mutations

You have a beak for a mouth.
You have claws for feet.
You are dopey. (Int -2)
You cannot be stealthy.
You cannot study or use magical devices.
Your casting is slightly disrupted.
You can fly continuously.


Message History

The yak gores you but does no damage. The yak misses you. The yak gores you.
You barely miss the yak. You claw the yak!
The yak is almost dead.
The yak barely misses you. The yak gores you.
You focus your will and illuminate the yak in retribution!
The yak gores you!
You hit the yak.
The yak is severely wounded.
The yak closely misses you.
You shred the yak!!!
You kill the yak!
The yak gores you!
* * * LOW HITPOINT WARNING * * *
You completely miss the yak.
The yak is severely wounded.
The yak closely misses you. The yak completely misses you.
You slash the yak! You peck the yak.
You kill the yak!
The yak gores you!
You die...

#####
##@..##
##Y†∩..##
#.......#
#...∩...#
##.....##
##...##
#...#
...##
#...#


You could see a yak.

Vanquished Creatures
  Erica (D:10)
  An unseen horror (D:11)
  An ugly thing (D:7)
  2 cane toads (Lair:2)
  2 black mambas (Lair:1)
  5 gargoyles (D:9)
  5 komodo dragons
  3 trolls
  2 ice devils (Lair:2)
  Grinder (D:3)
  Prince Ribbit (D:6)
  5 blink frogs (Lair:1)
  A shadow (D:10)
  A wraith (D:10)
  21 yaks
  A wyvern (D:8)
  3 basilisks
  3 nagas (Lair:2)
  8 water moccasins
  2 black bears
  Duvessa (D:6)
  5 orc warriors
  2 sky beasts
  2 ice beasts
  2 necrophages
  2 phantoms
  7 wolves
  4 centaurs
  6 ogres
  A big kobold (D:7)
  12 bullfrogs
  A wyvern zombie (D:10)
  A water moccasin skeleton (D:10)
  2 scorpions
  Dowan (D:6)
  7 killer bees
  9 wights
  8 howler monkeys
  9 hounds
  A quasit (D:9)
  3 bullfrog skeletons
  A centaur zombie (D:6)
  6 jellies
  11 orc wizards
  4 orc priests
  4 iguanas
  17 worker ants
  A killer bee zombie (D:9)
  6 ogre zombies (D:10)
  2 hound zombies
  A hound skeleton (D:7)
  2 worker ant zombies
  A river rat (D:4)
  14 adders
  A gnoll (D:1)
  3 shadow imps
  2 white imps
  An ooze (D:2)
  An ufetubus (D:5)
  4 adder skeletons
  4 worms
  A dart slug (D:3)
  8 leopard geckos
  35 orcs
  7 giant cockroaches
  14 goblins
  11 hobgoblins
  22 jackals
  2 ball pythons
  3 bats
  5 frilled lizards
  2 goblin zombies (D:10)
  4 hobgoblin skeletons (D:10)
  A hobgoblin zombie (D:10)
  13 kobolds
  An orc skeleton (D:10)
  11 orc zombies (D:10)
  A quokka skeleton (D:5)
  15 rats
397 creatures vanquished.

Vanquished Creatures (others)
  A hound (D:10)
  A worker ant (D:11)
  An orc (D:8)
  8 fungi
  7 plants
18 creatures vanquished.

Grand Total: 415 creatures vanquished

Notes
Turn   | Place    | Note
-------+----------+-------------------------------------------
     0 | D:1      | kae the Tengu Transmuter began the quest for the Orb.
     0 | D:1      | Reached XP level 1. HP: 12/12 MP: 4/4
   212 | D:1      | Reached skill level 2 in Transmutations
   212 | D:1      | Reached XP level 2. HP: 11/16 MP: 4/6
  1143 | D:1      | Reached XP level 3. HP: 20/20 MP: 7/7
  1148 | D:1      | Learned a level 3 spell: Spider Form
  1835 | D:2      | Found a radiant altar of Vehumet.
  1857 | D:2      | Reached XP level 4. HP: 19/26 MP: 6/8
  1968 | D:2      | Found a hide-covered altar of Uskayaw.
  1974 | D:2      | Noticed a +0 dagger
  1974 | D:2      | Noticed a +0 dagger
  2356 | D:2      | Reached skill level 3 in Transmutations
  2748 | D:3      | Gained mutation: You can fly continuously. [Tengu growth]
  2748 | D:3      | Reached XP level 5. HP: 26/31 MP: 9/9
  3252 | D:3      | Noticed a moth of wrath
  3255 | D:3      | Found a bloodstained altar of Trog.
  3344 | D:3      | Noticed Grinder
  3357 | D:3      | Killed Grinder
  3357 | D:3      | Reached skill level 5 in Unarmed Combat
  3357 | D:3      | Reached skill level 4 in Transmutations
  3357 | D:3      | Reached XP level 6. HP: 27/37 MP: 10/10
  3817 | D:4      | Reached XP level 7. HP: 41/41 MP: 11/11
  3869 | D:4      | Found a glowing golden altar of the Shining One.
  3942 | D:4      | Found a shimmering blue altar of Sif Muna.
  4099 | D:4      | Found a glowing drain.
  4110 | Sewer    | Entered a sewer
  5014 | D:5      | Entered Level 5 of the Dungeon
  5063 | D:5      | Reached skill level 5 in Transmutations
  5193 | D:5      | Found a staircase to the Ecumenical Temple.
  5205 | Temple   | Entered the Ecumenical Temple
  5262 | Temple   | Became a worshipper of Ru the Awakened
  5300 | D:5      | Found a blossoming altar of Fedhas.
  5561 | D:5      | Found a transporter.
  5591 | D:5      | Found a transporter.
  5821 | D:5      | Found a stormy altar of Qazlal.
  6059 | D:5      | Found a burning altar of Makhleb.
  6059 | D:5      | Found a basalt altar of Yredelemnul.
  6064 | D:5      | Found a shimmering blue altar of Sif Muna.
  6066 | D:5      | Found a broken altar of Ashenzari.
  6068 | D:5      | Found a hazy altar of Hepliaklqana.
  6287 | D:6      | Reached XP level 8. HP: 31/48 MP: 12/12
  6436 | D:6      | Found an ancient bone altar of Kikubaaqudgha.
  6524 | D:6      | Noticed Dowan
  6543 | D:6      | Killed Dowan
  6676 | D:6      | Noticed Duvessa
  6898 | D:6      | Killed Duvessa
  6898 | D:6      | Reached skill level 6 in Transmutations
  7166 | D:6      | Reached skill level 5 in Fighting
  7809 | D:6      | Noticed Prince Ribbit
  7811 | D:6      | Reached XP level 9. HP: 48/54 MP: 13/13
  7943 | D:6      | Gained mutation: You cannot study or use magical devices.
                  | [Ru sacrifice]
  7943 | D:6      | Reached * piety under Ru
  7943 | D:6      | Reached ** piety under Ru
  8006 | D:6      | Reached skill level 7 in Transmutations
  8292 | D:6      | Noticed Menkaure
  8338 | D:6      | Killed Prince Ribbit
  8391 | D:6      | Learned a level 5 spell: Blade Hands
  9072 | D:7      | Found a runed translucent door.
  9072 | D:7      | Found a runed translucent door.
  9339 | D:7      | Reached skill level 8 in Transmutations
  9575 | D:7      | Found a runed translucent door.
 10003 | D:8      | Found Voadof's Antique Weapon Boutique.
 10025 | D:7      | Reached XP level 10. HP: 34/61 MP: 14/14
 10336 | D:7      | Learned a level 4 spell: Ice Form
 11017 | D:8      | Found a shadowy altar of Dithmenos.
 11074 | D:8      | Found a staircase to the Lair.
 11128 | D:8      | Reached skill level 9 in Transmutations
 11277 | D:8      | Found a glowing silver altar of Zin.
 11282 | D:8      | Found a shimmering altar of Xom.
 11445 | D:8      | You are sucked into a shaft and drop 1 floor!
 11450 | D:9      | Gained mutation: Your casting is slightly disrupted. [Ru
                  | sacrifice]
 11450 | D:9      | Reached *** piety under Ru
 11507 | D:9      | Found a snail-covered altar of Cheibriados.
 11748 | D:8      | Found Voadof's Antique Weapon Boutique.
 11766 | D:8      | Found a shadowy altar of Dithmenos.
 11809 | D:8      | Found a staircase to the Lair.
 11926 | D:8      | Found a glowing silver altar of Zin.
 11931 | D:8      | Found a shimmering altar of Xom.
 12094 | D:8      | Found a staircase to the Lair.
 12119 | D:8      | Found Voadof's Antique Weapon Boutique.
 12191 | D:8      | Found a glowing silver altar of Zin.
 12196 | D:8      | Found a shimmering altar of Xom.
 12323 | D:8      | Found a shadowy altar of Dithmenos.
 12856 | D:9      | Noticed a gargoyle
 12865 | D:9      | Killed a gargoyle
 13049 | D:9      | Noticed a gargoyle
 13053 | D:9      | Killed a gargoyle
 13184 | D:9      | Noticed a gargoyle
 13189 | D:9      | HP: 1/64 [gargoyle/+0 dire flail (17)]
 13190 | D:9      | Killed a gargoyle
 13518 | D:9      | Noticed a gargoyle
 13523 | D:9      | Killed a gargoyle
 13549 | D:9      | Noticed a gargoyle
 13553 | D:9      | Killed a gargoyle
 13642 | D:9      | Reached XP level 11. HP: 14/68 MP: 15/15
 14231 | D:7      | Noticed a white ugly thing
 14235 | D:7      | Reached skill level 10 in Transmutations
 14530 | D:7      | Killed a white ugly thing
 14962 | D:10     | Entered Level 10 of the Dungeon
 14962 | D:10     | Noticed Erica
 14972 | D:10     | Killed Erica
 14972 | D:10     | Reached skill level 10 in Unarmed Combat
 16307 | D:10     | Gained mutation: You are dopey. (Int -2) [Ru sacrifice]
 16574 | D:10     | Found a staircase to the Orcish Mines.
 17143 | D:11     | HP: 1/71 [something (11)]
 17935 | D:11     | Reached skill level 11 in Transmutations
 18148 | D:11     | Killed an unseen horror
 18409 | Lair:1   | Entered Level 1 of the Lair of Beasts
 18488 | Lair:1   | Reached XP level 12. HP: 30/76 MP: 16/16
 18736 | Lair:1   | Gained mutation: You cannot be stealthy. [Ru sacrifice]
 18736 | Lair:1   | Reached **** piety under Ru
 19513 | Lair:1   | Reached skill level 10 in Fighting
 20335 | Lair:2   | Reached skill level 12 in Transmutations
 20509 | Lair:2   | Found a frozen archway.
 20526 | IceCv    | Entered an ice cave
 20541 | IceCv    | Slain by a yak

Illustrated notes

Levels and vault maps discovered:
D:1:      ncdulo_smallfort, layout_loops_cross
D:2:      layout_rooms, dancing_weapons_uskayaw, vehumet_crystals
D:3:      layout_basic, tgw_trog, uniq_grinder
D:4:      layout_loops_cross, lemuel_round_altar, gup_sewer_entry_bubbles,
          lemuel_blue_sif_altar
D:5:      gammafunk_wand_slinger, layout_cave_pools,
          lemuel_coloured_pillars_altar, chequers_temple_overflow_minitemple,
          minmay_temple_entry_large_hall, fedhas_altar_3
D:6:      layout_cave_pools, lemuel_altar_in_water, uniq_duvessa, uniq_menkaure,
          uniq_prince_ribbit1
D:7:      minmay_the_grid_triangle_9x9_rhombus_thin
          [minmay_the_grid_triangle_9x9_sprig,
          minmay_the_grid_triangle_9x9_prize_insulated,
          minmay_the_grid_triangle_9x9_fully_insulated_deathbox,
          minmay_the_grid_triangle_9x9_longest], layout_rooms
D:8:      layout_rooms, nicolae_overflow_crystal_walls, marbit_many_paths,
          dpeg_oklobed_lair, serial_shops,
          nicolae_shop_competitors_out_of_business, basic_altar,
          nrook_mini_backslash
D:9:      cheibrodos_statue_roulette, layout_irregular_city, serial_rivers,
          chequers_serial_rivers_marsh, chequers_serial_rivers_small_b,
          chequers_serial_rivers_large_a, chequers_serial_rivers_micro_a,
          chequers_serial_rivers_micro_e, chequers_serial_rivers_micro_b,
          cheibriados_altar_1
D:10:     layout_cave_pools, zombieorc1_lemuel, uniq_erica
D:11:     layout_basic
Temple:   eino_wide_crystal_templ
Lair:1:   layout_chaotic_city, st_stairs_7, minmay_shattered_shrine,
          minmay_lair_oklob_chamber
Lair:2:   layout_cave_pods, guppyfry_snake_entry_island,
          portal_ice_cave_demonic_guard
IceCv:    ice_cave_small_giant

Skill      XL: |  1  2  3  4  5  6  7  8  9 10 11 12 |
---------------+-------------------------------------+-----
Transmutations | 2 3 4 5 6 8 9 11 12 | 12.3
Unarmed Combat | 4 5 6 8 9 10 11 | 11.7
Fighting       | 2 3 4 5 6 8 9 10 | 10.4
Dodging        | |  2.1
Spellcasting   | |  2.0

Action                   |  1- 3 |  4- 6 |  7- 9 | 10-12 || total
-------------------------+-------+-------+-------+-------++-------
Melee: Unarmed           |    86 |   130 |   401 |   541 ||  1158
       Kick              |    15 |    30 |    41 |   105 ||   191
       Peck              |    11 |    19 |    28 |    89 ||   147
       Headbutt          |     3 |    19 |    13 |     4 ||    39
       Punch             |       |     1 |     9 |    24 ||    34
 Cast: Beastly Appendage |    19 |    29 |    13 |     5 ||    66
       Spider Form       |       |     1 |    35 |    15 ||    51
       Blade Hands       |       |       |       |    54 ||    54
       Ice Form          |       |       |       |     4 ||     4
Invok: Sacrifice Artific |       |       |     1 |       ||     1
       Sacrifice Essence |       |       |       |     1 ||     1
       Draw Out Power    |       |       |       |     1 ||     1
       Sacrifice Purity  |       |       |       |     1 ||     1
       Sacrifice Stealth |       |       |       |     1 ||     1
 Abil: Fly               |       |     1 |       |       ||     1
  Use: Potion            |       |     2 |     4 |     3 ||     9
       Scroll            |       |     9 |     8 |    11 ||    28
 Stab: Sleeping          |     2 |       |     2 |       ||     4
       Distracted        |       |       |     1 |     6 ||     7
       Invisible         |       |       |     1 |     2 ||     3
Armor: Robe              |    18 |    10 |    12 |    29 ||    69
       Skin              |       |       |     4 |     2 ||     6
Dodge: Dodged            |    41 |    64 |   259 |   288 ||   652
Block: Other             |       |    20 |    71 |    51 ||   142
       Reflection        |       |     1 |     2 |     3 ||     6

Table legend: (Time is in decaauts)
 A = Elapsed time spent in this place.
 B = Non-inter-level travel time spent in this place.
 C = Inter-level travel time spent in this place.
 D = Time resting spent in this place.
 E = Time spent auto-exploring this place.
 F = Levels seen in this place.
 G = Mean time per level.
                   A        B        C        D        E       F      G
               +--------+--------+--------+--------+--------+-----+--------+
         Total |  19686 |  19082 |    604 |   4439 |  11594 |  16 | 1230.4 |
       Dungeon |  17212 |  16645 |    567 |   4223 |   9883 |  11 | 1564.7 |
        Temple |     58 |     52 |      6 |      0 |     37 |   1 |   58.0 |
          Lair |   1979 |   1949 |     30 |    215 |   1325 |   2 |  989.5 |
         Sewer |    424 |    424 |      0 |      0 |    348 |   1 |  424.0 |
      Ice Cave |     12 |     12 |      0 |      0 |      0 |   1 |   12.0 |
               +--------+--------+--------+--------+--------+-----+--------+

Top non-repeatable levels by time:
     D:9: 2574 daAuts
     D:6: 2559 daAuts
     D:7: 2143 daAuts
    D:10: 1755 daAuts
     D:1: 1650 daAuts
  Lair:1: 1547 daAuts
     D:5: 1485 daAuts
     D:8: 1464 daAuts
     D:3: 1247 daAuts
    D:11: 788 daAuts
     D:4: 773 daAuts
     D:2: 769 daAuts
  Lair:2: 432 daAuts
   Sewer: 424 daAuts
  Temple: 58 daAuts
